 Dungeon Crawl Stone Soup version 0.28.0-45-g0d030f2227 (webtiles) character file.

Game seed: 672265688339979982

135 101zpm the Magician (level 5, -3/35 HPs)
             Began as a Djinni Ice Elementalist on Apr 15, 2022.
             Slain by Grinder (6 damage)
             ... while paralysed by Grinder
             ... on level 3 of the Dungeon.
             The game lasted 00:07:53 (3145 turns).

101zpm the Magician (Djinni Ice Elementalist)       Turns: 3145, Time: 00:07:54

Health: -3/35      AC: 13    Str:  7    XL:     5   Next: 42%
Gold:   124        EV:  2    Int: 18    God:
                   SH:  0    Dex: 16

rFire   + + .      SeeInvis .   j - +2 dagger (elec)
rCold   x . .      Faith    .   (no shield)
rNeg    + . .      Spirit   .   h - +5 robe of the Raven {rPois rN+ Dex+2}
rPois   ∞          Reflect  .   (no helmet)
rElec   .          Harm     .   (no cloak)
rCorr   .          Rampage  .   (no gloves)
Will    .....                   (boots unavailable)
Stlth   ++........              (no amulet)
HPRegen 0.11/turn               (no ring)
MPRegen 0.00/turn               (no ring)

@: paralysed, ice-armoured, freezing walls, flying, held
A: sickness immunity, fire resistance 2, cold vulnerability 1, float, innate
caster, HP casting, extra vitality 1
a: no special abilities


You were on level 3 of the Dungeon.
You visited 1 branch of the dungeon, and saw 3 of its levels.

You collected 124 gold pieces.

Inventory:

Hand Weapons
 j - a +2 dagger of electrocution (weapon)
Missiles
 i - 39 stones
Armour
 a - a +0 robe
 h - the +5 robe of the Raven (worn) {rPois rN+ Dex+2}
   (You found it on level 2 of the Dungeon)

   Dex:       It affects your dexterity (+2).
   rPois:     It protects you from poison.
   rN:        It protects you from negative energy.
Jewellery
 k - a ring of positive energy
Wands
 n - a wand of paralysis (6)
Scrolls
 c - a scroll of magic mapping {unknown}
 e - a scroll of teleportation {unknown}
 g - a scroll of vulnerability {unknown}
 l - a scroll of identify {unknown}
Potions
 b - a potion of curing {unknown}
 d - a potion of flight {unknown}
 f - a potion of haste {unknown}
 m - a potion of brilliance {unknown}


   Skills:
 + Level 0.1 Fighting
 + Level 2.4 Dodging
 + Level 1.8 Stealth
 + Level 4.8 Spellcasting


You couldn't memorise any spells.
You knew the following spells:

 Your Spells              Type           Power      Damage    Failure   Level
a - Freeze                Ice            84%        1d10      1%          1
b - Frozen Ramparts       Ice            42%        1d6       5%          3
c - Ozocubu's Armour      Ice            21%        N/A       5%          3
d - Hailstorm             Conj/Ice       21%        3d6       19%         4
e - Sandblast             Erth           42%        2d11      1%          1
f - Corpse Rot            Necr/Air       42%        N/A       2%          2
Your spell library was empty.

Dungeon Overview and Level Annotations

Branches:
Dungeon (3/15)

Altars:

Annotations:
D:3 Grinder


Innate Abilities, Weirdness & Mutations

You are immune to sickness and miasma.
You are immune to poison.
Your flesh is very heat resistant. (rF++)
You are vulnerable to cold. (rC-)
You float through the air rather than walking.
You learn spells naturally, not from books.
Your magical power is your life essence.
You have superior vitality. (+4 MHP)


Message History

The walls around you are covered in ice.
The wall freezes the gnoll.
Grinder completely resists.
The wall freezes Grinder but does no damage.
Grinder hits you.
You writhe in agony.
Casting: Frozen Ramparts (dangerous; 6% risk of failure)
Confirm with . or Enter, or press ? or * to list all spells.
Aiming: Sandblast (safe; 1% risk of failure)
Press: ? - help, Shift-Dir - straight line, f - Grinder
Aim: Grinder (severely wounded, 78% to hit)
The blast of sand hits Grinder!
Grinder is almost dead.
i - 40 stones
* * * LOW HITPOINT WARNING * * *
The wall freezes the gnoll.
Grinder completely resists.
The wall freezes Grinder but does no damage.
Grinder hits you but does no damage.
Casting: Sandblast (safe; 1% risk of failure)
Confirm with . or Enter, or press ? or * to list all spells.
Aiming: Sandblast (safe; 1% risk of failure)
Press: ? - help, Shift-Dir - straight line, f/p - Grinder
Aim: Grinder (almost dead, 78% to hit)
The blast of sand hits Grinder.
Grinder is almost dead.
i - 39 stones
* * * LOW HITPOINT WARNING * * *
The wall freezes the gnoll.
Grinder completely resists.
The wall freezes Grinder but does no damage.
Grinder gestures at you.
You suddenly lose the ability to move!
The wall freezes the gnoll.
You kill the gnoll!
Grinder completely resists.
The wall freezes Grinder but does no damage.
Grinder gestures at you. Pain shoots through your body!
* * * LOW HITPOINT WARNING * * *
Grinder completely resists.
The wall freezes Grinder but does no damage.
Grinder hits you.
You die...

### #<# #.#
##.###############.
#.....:.....5))....
##..#######@###
#.......#≈≈≈≈≈#
##.##.#.#≈≈≈≈≈#
#.##.#.#≈≈≈≈≈#
..##.#.#≈≈≈≈≈#
#..##...###'####
##.##..........# #.
#.#........#
#.#........#


You could see Grinder.

Vanquished Creatures
  An orc priest (D:3)
  3 gnolls (D:3)
  2 adders (D:2)
  A dart slug (D:1)
  3 orcs (D:3)
  10 endoplasms
  3 giant cockroaches
  6 goblins
  4 hobgoblins
  2 jackals (D:2)
  A quokka (D:2)
  4 ball pythons
  5 bats
  A frilled lizard (D:1)
  4 kobolds
  2 rats (D:1)
52 creatures vanquished.

Notes
Turn   | Place    | Note
-------+----------+-------------------------------------------
     0 | D:1      | 101zpm the Djinni Ice Elementalist began the quest for the
                  | Orb.
     0 | D:1      | Reached XP level 1. HP: 15/15 MP: 0/0
    22 | D:2      | Reached XP level 2. HP: 14/21 MP: 0/0
   245 | D:2      | Reached XP level 3. HP: 23/25 MP: 0/0
   245 | D:2      | Learned a level 1 spell: Sandblast
  1207 | D:2      | Reached skill level 4 in Spellcasting
  1473 | D:2      | Identified the +5 robe of the Raven {rPois rN+ Dex+2}
  2205 | D:1      | Found a faded altar of an unknown god.
  2211 | D:1      | Reached XP level 4. HP: 29/31 MP: 0/0
  2771 | D:3      | Reached XP level 5. HP: 9/35 MP: 0/0
  2771 | D:3      | Learned a level 2 spell: Corpse Rot
  3130 | D:3      | Noticed Grinder
  3134 | D:3      | Paralysed by Grinder for 2 turns
  3143 | D:3      | Paralysed by Grinder for 5 turns
  3145 | D:3      | Slain by Grinder

Illustrated notes

Levels and vault maps discovered:
D:1:      wander_arrival_desolate, layout_rooms,
          chequers_ecumenical_altar_simple_redux
D:2:      layout_loops_corners, kennysheep_boxes
D:3:      layout_basic, serial_rivers, chequers_serial_rivers_room_b,
          chequers_serial_rivers_small_b, chequers_serial_rivers_room_b,
          chequers_serial_rivers_room_a, nicolae_wormholes, uniq_grinder,
          uniq_crazy_yiuf_cottage, uniq_ijyb

Skill      XL: |  1  2  3 |
---------------+----------+-----
Spellcasting   | 4 |  4.8
Fighting       | |  0.1
Dodging        | |  2.4
Stealth        | |  1.8

Action                   |  1- 3 |  4- 6 || total
-------------------------+-------+-------++-------
Melee: Unarmed           |     1 |       ||     1
 Cast: Freeze            |    40 |    22 ||    62
       Frozen Ramparts   |     3 |     7 ||    10
       Ozocubu's Armour  |     1 |     2 ||     3
       Sandblast         |       |     7 ||     7
 Stab: Sleeping          |     1 |       ||     1
Armor: Robe              |    13 |    12 ||    25
Dodge: Dodged            |    20 |     8 ||    28
